 Dungeon Crawl Stone Soup version 0.14-a0-1817-gb992dfe (webtiles) character file.

153 Piginabag the Shield-Bearer (level 4, -1/31 HPs)
             Began as a Halfling Fighter on Jan 10, 2014.
             Slain by a quokka (4 damage)
             ... on Level 4 of the Dungeon.
             The game lasted 00:03:47 (2009 turns).

Piginabag the Shield-Bearer (Halfling Fighter)      Turns: 2009, Time: 00:03:47

HP  -1/31        AC  7     Str 13      XL: 4   Next: 90%
MP   4/4         EV  9     Int  8      God:
Gold 61          SH 12     Dex 16      Spells:  0 memorised,  3 levels left

rFire  . . .     SeeInvis .     f - +0,+2 dagger (venom)
rCold  . . .     Clarity  .     b - +0 scale mail
rNeg   . . .     Conserve .     c - +0 buckler
rPois  .         rCorr    .     (no helmet)
rElec  .         rRot     .     (no cloak)
SustAb . .       Spirit   .     k - +0 pair of gloves
rMut   .         Warding  .     (no boots)
Saprov . . .     Stasis   .     (no amulet)
                                (no ring)
                                (no ring)

@: slightly resistant to hostile enchantments, extremely unstealthy
A: mutation resistance 1, slow metabolism 1
a: no special abilities


You were on level 4 of the Dungeon.
You were not hungry.

You visited 1 branch of the dungeon, and saw 4 of its levels.

You collected 61 gold pieces.

Inventory:

Hand weapons
 a - a +0,+0 short sword
 f - a +0,+2 dagger of venom (weapon)
Armour
 b - a +0 scale mail (worn)
 c - a +0 buckler (worn)
 k - a +0 pair of gloves (worn)
Magical devices
 r - a wand of flame (12) {unknown}
Comestibles
 d - 3 bread rations
 q - 2 meat rations
Scrolls
 e - 2 scrolls of identify {unknown}
 g - 2 scrolls of enchant weapon I {unknown}
 i - a scroll of curse jewellery {unknown}
 j - 2 scrolls of fog {unknown}
 l - a scroll of immolation {unknown}
 n - 2 scrolls of remove curse {unknown}
 p - 5 scrolls of teleportation {unknown}
 t - a scroll of random uselessness {unknown}
 x - a scroll of amnesia {unknown}
Jewellery
 m - an uncursed ring of invisibility {unknown}
 u - an uncursed ring of wizardry {unknown}
 y - a cursed amulet of resist mutation {unknown}
Potions
 h - a potion of mutation {unknown}
 o - a potion of magic
 s - a potion of restore abilities {unknown}
 v - a potion of curing {unknown}
 w - a potion of poison {unknown}


   Skills:
 + Level 3.1 Fighting
 + Level 3.3 Short Blades
 + Level 2.9 Armour
 + Level 1.9 Dodging
 + Level 4.1 Shields


You had 3 spell levels left.
You didn't know any spells.

Dungeon Overview and Level Annotations

Branches:
Dungeon (4/16)
 Temple: D:4-7

Altars:
the Shining One


Innate Abilities, Weirdness & Mutations

You are small and have problems with some larger weapons.
You are somewhat resistant to further mutation.
You have a slow metabolism.


Message History

You block the gnoll's attack.
You hit the gnoll but do no damage.
The gnoll is heavily wounded.
The gnoll barely misses you.
You closely miss the gnoll.
The gnoll is heavily wounded.
The gnoll hits you.
* * * LOW HITPOINT WARNING * * *
The quokka bites you.
* * * LOW HITPOINT WARNING * * *
You are too injured to fight recklessly!
You hit the gnoll.
The gnoll looks even sicker.
The gnoll is severely wounded.
The gnoll hits you.
* * * LOW HITPOINT WARNING * * *
The quokka bites you but does no damage.
Drink which item? (? for menu, Esc to quit)
Magic courses through your body.
It was a potion of magic.
You block the gnoll's attack. The quokka bites you.
You die...

. . .#
#######.#
####.......#
...........#
#..g[...##
#...@....#
#..r......#
#........##
#.......##
####.####
#.# #.# #.#
..#


You could see a gnoll and a quokka.

Vanquished Creatures
  2 gnolls (D:3)
  3 adders
  A giant mite (D:2)
  An orc (D:3)
  2 ball pythons
  2 giant cockroaches
  5 goblins
  5 hobgoblins
  2 jackals (D:1)
  3 kobolds
  7 bats
  2 giant geckos (D:1)
  2 giant newts
  5 rats
42 creatures vanquished.

Notes
Turn   | Place    | Note
--------------------------------------------------------------
     0 | D:1      | Piginabag, the Halfling Fighter, began the quest for the Orb.
     0 | D:1      | Reached XP level 1. HP: 15/15 MP: 1/1
   297 | D:1      | Reached XP level 2. HP: 14/20 MP: 2/2
   487 | D:1      | Reached XP level 3. HP: 15/25 MP: 3/3
  1145 | D:2      | Found a glowing golden altar of the Shining One.
  1224 | D:2      | Reached skill level 1 in Dodging
  1224 | D:2      | Reached XP level 4. HP: 23/31 MP: 4/4
  1245 | D:2      | Became a worshipper of the Shining One
  1513 | D:2      | Was placed under penance by the Shining One
  1558 | D:2      | Fell from the grace of the Shining One
  1672 | D:2      | Reached skill level 4 in Shields
  2009 | D:4      | Slain by a quokka

Action                   |  1- 3 |  4- 6 || total
-------------------------+-------+-------++-------
Melee: Dagger            |    74 |    62 ||   136
       Short sword       |     3 |       ||     3
  Use: Potion            |       |     1 ||     1
